 Dungeon Crawl Stone Soup version 0.30.0-13-g156ef70053 (webtiles) character file.

Game seed: 8030136096536630215

9 browni3141 the Firebug (level 2, 19/19 HPs)
             Began as a Demonspawn Fire Elementalist on May 17, 2023.
             Got out of the dungeon alive.
             The game lasted 00:00:11 (127 turns).

browni3141 the Firebug (DsFE)                        Turns: 127, Time: 00:00:12

Health: 19/19      AC:  2    Str:  8    XL:     2   Next: 3%
Magic:  5/5        EV: 12    Int: 16    God:
Gold:   13         SH:  0    Dex: 13    Spells: 4/5 levels left

rFire   . . .        o - +0 sling
rCold   . . .        (no shield)
rNeg    . . .        a - +0 robe
rPois   .            (no helmet)
rElec   .            (no cloak)
rCorr   .            (no gloves)
SInv    .            (no boots)
Will    .....        (no amulet)
Stlth   ++           (no ring)
HPRegen 0.23/turn    (no ring)
MPRegen 0.09/turn

%: no passive effects
@: no status effects
A: claws 1
a: no special abilities


You escaped.
You visited 1 branch of the dungeon, and saw 1 of its levels.

You collected 13 gold pieces.

Inventory:

Hand Weapons
 o - a +0 sling (weapon)
Armour
 a - a +0 robe (worn)
Scrolls
 n - a scroll of identify {unknown}
 p - a scroll of acquirement {unknown}
Potions
 m - a potion of magic


   Skills:
 + Level 1.9 Dodging
 + Level 2.0 Stealth
 + Level 2.1 Spellcasting
 + Level 1.2 Conjurations
 + Level 2.8 Fire Magic


You had 4 spell levels left.
You knew the following spells:

 Your Spells              Type           Power      Damage    Failure   Level
z - Foxfire               Conj/Fire      32%        2x1d5     9%          1

Your spell library contained the following spells:

 Spells                   Type           Power      Damage    Failure   Level
 Scorch                   Fire           20%        2d6       10%         2
 Inner Flame              Hex/Fire       6%         N/A       34%         3
 Volatile Blastmotes      Fire/Tloc      12%        2d11      34%         3
 Flame Wave               Conj/Fire      8%         2d5       65%         4


Dungeon Overview and Level Annotations

Branches:
Dungeon (1/15)

Altars:


Innate Abilities, Weirdness & Mutations

You have sharp fingernails.


Message History

Welcome, browni3141 the Demonspawn Fire Elementalist.
Will you prevail where others failed? Will you find the Orb of Zot?
Press ? for a list of commands and other information.
Found a scroll labelled GIERUF EGER and a scroll labelled ALAUPN ETEOH.
Found a staircase leading out of the dungeon.
No target in view!
Setting a skill training target for Axes at 16.0.
Setting a skill training target for Invocations at 14.0.
Setting a skill training target for Throwing at 5.0.
n - a scroll labelled GIERUF EGER You now have 13 gold pieces.
A bat comes into view.
A bat is nearby!
A bat is nearby!
A bat is nearby!
A bat is nearby!
You conjure some foxfire!
You conjure some foxfire!
You conjure some foxfire!
The foxfire hits the bat.
The bat is heavily wounded.
The foxfire hits the bat.
You kill the bat!
You are out of magic!
Your foxfire dissipates! x2
Your foxfire dissipates! x2
Magic restored.
A hobgoblin, a kobold and a goblin come into view.
The kobold shouts!
There are monsters nearby!
There are monsters nearby!
There are monsters nearby!
You conjure some foxfire!
The hobgoblin shouts!
The goblin shouts!
You conjure some foxfire!
The foxfire hits the kobold but does no damage.
The foxfire hits the kobold.
The kobold is moderately wounded.
You conjure some foxfire!
The foxfire hits the hobgoblin.
You kill the hobgoblin!
A ball python comes into view.
The foxfire hits the kobold.
The kobold is heavily wounded.
You are out of magic!
You are out of magic!
You are out of magic!
You are out of magic!
An endoplasm comes into view.
The endoplasm quivers.
The foxfire hits the kobold.
The kobold is severely wounded.
The foxfire hits the kobold.
You kill the kobold!
Found a scroll labelled JOXTIDWOLUI.
Found an escape hatch in the floor.
You are out of magic!
You are out of magic!
You see here a +0 sling.
o - a +0 sling (weapon)
You shoot a sling bullet.
The sling bullet closely misses the goblin.
You shoot a sling bullet. The sling bullet hits the ball python.
You kill the ball python!
You shoot a sling bullet. The sling bullet hits the goblin.
You kill the goblin!
You shoot a sling bullet. The sling bullet hits the endoplasm.
You kill the endoplasm!
No target in view!
No target in view!
No target in view!
p - a scroll labelled JOXTIDWOLUI An endoplasm comes into view.
An endoplasm is nearby!
An endoplasm is nearby!
You shoot a sling bullet.
The sling bullet barely misses the endoplasm.
You shoot a sling bullet. The sling bullet hits the endoplasm.
The endoplasm is almost dead.
You shoot a sling bullet. The sling bullet hits the endoplasm.
You kill the endoplasm!
Your Stealth skill increases to level 2!
You have reached level 2!
Your demonic ancestry asserts itself...
Your fingernails lengthen.
You see here a ball python corpse.
There is a staircase leading out of the dungeon here.
Are you sure you want to leave the Dungeon?
This will make you lose the game!
You have escaped!

.....###.....#######
##..#........†...#
.......PP........#
#.....P♣P...#..).#
#....PPPPP..#....#
....PPPP♣P..#....#
......♣♣♣PP.#.####
..P...PP♣.P.#.###
P......@P.P.....##
♣P....P..P.......#
♣P...P♣P..........#
♣♣.....PPP........#
♣P...P♣..........#
.P..?..P..........#
..###.............#
.. ####..........#
##.........


There were no monsters in sight!

Vanquished Creatures
  A bat (D:1)
  2 endoplasms (D:1)
  A goblin (D:1)
  A hobgoblin (D:1)
  A kobold (D:1)
  A ball python (D:1)
7 creatures vanquished.

Vanquished Creatures (others)
  12 foxfires (D:1)
12 creatures vanquished.

Grand Total: 19 creatures vanquished

Notes
Turn   | Place    | Note
-------+----------+-------------------------------------------
     0 | D:1      | browni3141 the Demonspawn Fire Elementalist began the quest
                  | for the Orb.
     0 | D:1      | Reached XP level 1. HP: 13/13 MP: 3/3
   107 | D:1      | Gained mutation: You have sharp fingernails. [demonic
                  | ancestry]
   107 | D:1      | Reached XP level 2. HP: 19/19 MP: 5/5
   127 | D:$      | Got out of the dungeon alive.

Illustrated notes

Levels and vault maps discovered:
D:1:      spicycebolla_arrival_clurvy, layout_rooms, basic_ecumenical_altar,
          dk_noncrumbling_4

Skill      XL: |  1 |
---------------+----+-----
Stealth        | 2 |  2.0
Dodging        | |  1.9
Spellcasting   | |  2.1
Conjurations   | |  1.2
Fire Magic     | |  2.8

Action                     || total
---------------------------++-------
   Fire: Sling             ||     7
   Cast: Foxfire           ||     6
